 Dungeon Crawl Stone Soup version 0.20-a0-1126-g0f15420 (webtiles) character file.

18 4thArraOfDagon the Ruffian (level 2, -5/27 HPs)
             Began as a Troll Transmuter on May 17, 2017.
             Slain by an ogre
             ... wielding a +0 giant spiked club
              (25 damage)
             ... on level 4 of the Dungeon.
             The game lasted 00:01:10 (246 turns).

4thArraOfDagon the Ruffian (Troll Transmuter)        Turns: 246, Time: 00:01:11

Health: -5/27      AC:  5    Str: 17    XL:     2   Next: 51%
Magic:  2/2        EV: 10    Int:  9    God:
Gold:   24         SH:  0    Dex: 10    Spells: 2/3 levels left

rFire    . . .     SeeInvis .     - Unarmed
rCold    . . .     Gourm    +   (no shield)
rNeg     . . .     Faith    .   b - +0 robe
rPois    .         Spirit   .   (helmet restricted)
rElec    .         Reflect  .   (no cloak)
rCorr    .         Harm     .   (gloves unavailable)
MR       .....                  (boots unavailable)
Stlth    +.........             (no amulet)
Regen    0.5/turn               (no ring)
MPRegen  0.1/turn               (no ring)

@: confused
A: unfitting armour, claws 3, fast metabolism 3, gourmand, regeneration 1,
shaggy fur 1, tough skin 2
a: no special abilities


You were on level 4 of the Dungeon.
You were very full.

You visited 1 branch of the dungeon, and saw 4 of its levels.

You collected 24 gold pieces.

Inventory:

Missiles
 a - 12 arrows
Armour
 b - a +0 robe (worn)
Scrolls
 f - a scroll of identify {unknown}
 g - a scroll of fog {unknown}
 h - 2 scrolls of remove curse {unknown}
 i - a scroll of amnesia {unknown}
Potions
 e - a potion of ambrosia
 j - a potion of mutation {unknown}
Books
 c - a book of Changes

   Spells                             Type                      Level
   a - Beastly Appendage              Transmutation                1
   b - Sticks to Snakes               Transmutation                2
   c - Spider Form                    Transmutation/Poison         3
   d - Ice Form                       Ice/Transmutation            4
   e - Blade Hands                    Transmutation                5
Comestibles
 d - 2 bread rations


   Skills:
 + Level 1.2 Fighting
 + Level 1.7 Dodging
 * Level 3.6 Unarmed Combat
 - Level 1.2 Spellcasting
 - Level 1.3 Transmutations


You had 2 spell levels left.
You knew the following spells:

 Your Spells              Type           Power        Failure   Level  Hunger
a - Beastly Appendage     Tmut           #.....       21%         1    ##.....


Dungeon Overview and Level Annotations

Branches:
Dungeon (4/15)
 Temple: D:4-7

Altars:


Innate Abilities, Weirdness & Mutations

You are too large for most types of armour.
You have claws for hands.
Your metabolism is lightning-fast.
You like to eat raw meat.
Your natural rate of healing is unusually fast.
You are covered in fur. (AC +1)
You have very tough skin. (AC +2)


Message History

Found an emerald potion.
j - an emerald potion You open the door.
There is an open door here.
An ogre comes into view. It is wielding a giant spiked club.
There is an open door here.
You aren't carrying any items that you can evoke.
Unknown command.
There is an open door here.
Found a cyan potion.
You see here a cyan potion.
e - 2 cyan potions (gained 1)
Okay, then.
It was a potion of ambrosia.
You are confused.
You feel invigorated.
The ogre hits you with a giant spiked club!
The ogre hits you with a giant spiked club!!
Ouch! That really hurt!
You die...

#######
#.....#############
#.....#............
#.....#............
#.....#............
#.....#............
#O@...#............
#.....#.......##...
#.....#.......##...
#.....#.......##...
#.....#.......##...
#.....#............
#.....#............
#.....#.......###+#
#.....#.......##...


You could see an ogre.

Vanquished Creatures
  An adder (D:2)
  A bat (D:2)
  2 hobgoblins (D:2)
  3 jackals (D:2)
  A quokka (D:2)
8 creatures vanquished.

Notes
Turn   | Place    | Note
-------+----------+-------------------------------------------
     0 | D:1      | 4thArraOfDagon the Troll Transmuter began the quest for the Orb.
     0 | D:1      | Reached XP level 1. HP: 18/18 MP: 1/1
    44 | D:2      | Reached skill level 1 in Fighting
   116 | D:2      | Reached XP level 2. HP: 27/27 MP: 2/2
   179 | D:4      | Noticed an ogre
   246 | D:4      | Slain by an ogre

Vault maps used:
D:1:      minmay_arrival_jagged
D:2:      lemuel_crystal_altar, first_bread, minmay_rat_gold_closets,
          uniq_natasha, uniq_sigmund, uniq_jessica
D:4:      minmay_cupped

Skill      XL: |  1 |
---------------+----+-----
Fighting       | 1 |  1.2
Dodging        | |  1.7
Unarmed Combat | |  3.6
Spellcasting   | |  1.2
Transmutations | |  1.3

Action                   || total
-------------------------++-------
Melee: Unarmed           ||    28
  Use: Potion            ||     1
  Eat: Chunk             ||     6
Armor: Robe              ||    17
Dodge: Dodged            ||    19
